 Dungeon Crawl Stone Soup version 0.29.0-15-g675c0067aa (webtiles) character file.

Game seed: 4558051885669413387

3768 Doot the Grappler (level 10, -9/59 HPs)
             Began as an Octopode Transmuter on Sept 11, 2022.
             Was a Follower of Sif Muna.
             Mangled by a two-headed ogre
             ... wielding a +0 giant spiked club
              (22 damage)
             ... on level 8 of the Dungeon.
             The game lasted 00:16:49 (9701 turns).

Doot the Grappler (Octopode Transmuter)             Turns: 9701, Time: 00:16:49

Health: -9/59      AC: 13    Str: 15      XL:     10   Next: 16%
Magic:  16/16      EV: 13    Int: 20 (21) God:    Sif Muna [*.....]
Gold:   544        SH:  0    Dex: 10      Spells: 9/19 levels left

rFire   x x .      SeeInvis .     - Unarmed
rCold   x x .      Faith    .   (no shield)
rNeg    . . .      Spirit   .   C - +2 hat
rPois   +          Reflect  .   i - amulet of Elemental Vulnerability {rPois rF-- rC-- AC+8}
rElec   .          Harm     .   r - +4 ring of slaying
rCorr   .          Rampage  .   c - +6 ring of intelligence
Will    .....      Clarity  +   t - ring of flight
Stlth   ++++......              (no ring)
HPRegen 0.19/turn               (no ring)
MPRegen 0.15/turn               (no ring)
                                (no ring)
                                (no ring)

@: flying
A: almost no armour, amphibious, 8 rings, camouflage 1, gelatinous body 1,
(nimble swimmer 1), tentacles, iridescent scales 1, clarity, clumsy 1,
deterioration 1, low MP 1
a: Renounce Religion, Channel Magic


You were on level 8 of the Dungeon.
You worshipped Sif Muna.
Sif Muna was aware of your devotion.
You visited 2 branches of the dungeon, and saw 9 of its levels.

You collected 544 gold pieces.

Inventory:

Missiles
 D - a throwing net
Armour
 C - a +2 hat (worn)
Jewellery
 c - a +6 ring of intelligence (right tentacle)
 i - the amulet of Elemental Vulnerability (around mantle) {rPois rF-- rC-- AC+8}
   (You found it on level 2 of the Dungeon)

   [amulet of nothing]

   AC:        It affects your AC (+8).
   rF:        It makes you very vulnerable to fire.
   rC:        It makes you very vulnerable to cold.
   rPois:     It protects you from poison.
 l - an amulet of magic regeneration
 r - a +4 ring of slaying (left tentacle)
 t - a ring of flight (on tentacle)
 F - a +4 ring of evasion
Wands
 k - a wand of flame (18)
 G - a wand of paralysis (2)
Scrolls
 b - 3 scrolls of identify
 d - 2 scrolls of amnesia {unknown}
 e - 2 scrolls of summoning {unknown}
 f - 6 scrolls of teleportation
 h - a scroll of fear {unknown}
 m - a scroll of silence {unknown}
 q - 4 scrolls of magic mapping
 s - a scroll of vulnerability {unknown}
 u - 2 scrolls of enchant armour {unknown}
 x - a scroll of poison {unknown}
 y - a scroll of acquirement {unknown}
 A - a scroll of butterflies {unknown}
 B - 2 scrolls of enchant weapon {unknown}
 I - a scroll of immolation {unknown}
Potions
 a - a potion of lignification
 g - 4 potions of curing
 j - 5 potions of heal wounds
 n - 2 potions of haste
 o - 4 potions of flight
 p - a potion of attraction {unknown}
 v - 2 potions of brilliance
 w - 2 potions of ambrosia {unknown}
 z - 2 potions of might {unknown}
 E - a potion of resistance {unknown}
 H - a potion of berserk rage {unknown}


   Skills:
 + Level 1.5 Fighting
 + Level 4.0 Dodging
 + Level 6.1 Stealth
 * Level 9.9 Unarmed Combat
 + Level 5.2 Spellcasting
 * Level 6.5 Transmutations
 + Level 2.0 Ice Magic
 + Level 3.3 Poison Magic
 * Level 0.1 Evocations


You had 9 spell levels left.
You knew the following spells:

 Your Spells              Type           Power      Damage    Failure   Level
a - Beastly Appendage     Tmut           62%        N/A       1%          1
b - Spider Form           Tmut/Pois      24%        N/A       4%          3
c - Ice Form              Ice/Tmut       22%        N/A       19%         4
d - Wereblood             Tmut           31%        N/A       1%          2

Your spell library contained the following spells:

 Spells                   Type           Power      Damage    Failure   Level
 Ignite Poison            Fire/Tmut/Pois 18%        N/A       9%          3
 Ensorcelled Hibernation  Hex/Ice        18%        N/A       11%         2
 Scorch                   Fire           10%        2d5       17%         2
 Conjure Flame            Conj/Fire      5%         6-21      34%         3
 Anguish                  Hex/Necr       2%         N/A       75%         4
 Flame Wave               Conj/Fire      5%         2d5       75%         4
 Sticky Flame             Conj/Fire      5%         2d3       75%         4
 Summon Cactus Giant      Summ           2%         N/A       100%        6


Dungeon Overview and Level Annotations

Branches:
Dungeon (8/15)             Temple (1/1) D:6
   Lair: D:8-11

Altars:
Ashenzari
Cheibriados
Dithmenos
Elyvilon
Fedhas
Hepliaklqana
Kikubaaqudgha
Makhleb
Nemelex Xobeh
Okawaru
Qazlal
Ru
Sif Muna
Trog
Uskayaw
Vehumet
Wu Jian
Xom
Yredelemnul
Zin
The Shining One

Shops:
D:6 (((*

Annotations:
D:5 3 runed translucent doors, Flesh177's ghost, novice MeFi; Smoky173's ghost, novice DEVM; crabbyslav's ghost, novice OpWn; paps's ghost, weakling OpDe


Innate Abilities, Weirdness & Mutations

You cannot wear most types of armour.
You are amphibious.
You can wear up to eight rings at the same time.
Your skin changes colour to match your surroundings (Stealth+).
Your rubbery body absorbs attacks. (AC +1, EV +1)
((You are camouflaged when in or above water. (Stealth+)))
You have tentacles for arms and can constrict up to eight enemies at once.
You are partially covered in iridescent scales. (AC +2)
You possess an exceptional clarity of mind.
You are clumsy. (Dex -2)
Your body sometimes deteriorates upon taking damage.
Your magical capacity is low. (-10% MP)


Message History

Things that are here:
+0 acid dragon scales; an acid dragon corpse
There is an open door here.
There is an open door here.
You see here a +0 club.
You see here a +0 flail.
You see here a +0 spear.
Smoky173's ghost turns its malevolent gaze towards you.
Crabbyslav's ghost turns its malevolent gaze towards you.
Flesh177's ghost turns its malevolent gaze towards you.
Paps's ghost turns its malevolent gaze towards you.
Flesh177's ghost whispers, "There is no future for you."
You see here 6 javelins.
Could not explore, unopened runed door.
Could not explore, unopened runed door.
Unknown command.
(D) Dungeon (T) Temple
Where to? (Enter - D:6 @ (x,y), ? - help)
What level of the Dungeon? (default 1, ? - help) Smoky173's ghost says, "Don't move, or the poison will kill you faster."
You see here a +0 spear.
You see here a +0 club.
Things that are here:
a +0 leather armour of fire resistance; a +0 whip
There is a stone staircase leading down here.
You fly downwards.
There is a stone staircase leading up here.
There is a stone staircase leading down here.
You fly downwards.
There is a stone staircase leading up here.
There is a stone staircase leading down here.
You fly downwards.
The two-headed ogre hits you with a +0 giant spiked club!!
The two-headed ogre hits you with a +0 giant club!!
* * * LOW HITPOINT WARNING * * *
Your body deteriorates!
You feel dopey.
There is a stone staircase leading up, spattered with blood here.
The two-headed ogre attacks as you move away!
The two-headed ogre hits you with a +0 giant spiked club!!
You die...

....#....)))####(#....####
.>..#....)))# #.#<...#
......##.#.## #.#....#
.##.#.#....# #.#....#
.##.#..#...#####......#
.##..............##.#########
.####......#####.....:......#
......#....####.O<.....####.#
###...........#.@##.(..####.#
.....###...##............##.#
###### ##..####....#...#.##.#
# ###.........###..#.##.#
#.......##...#........###
#.#.###.####...###......#
#.#.###.# ##.## ######.###
#.......# ###.### #....)#
#.......# #.....# #.###.#


You could see a two-headed ogre.

Vanquished Creatures
  Maggie (D:7)
  Prince Ribbit (D:8)
  A hornet (D:4)
  2 water moccasins
  An acid dragon (D:5)
  2 ice beasts
  An orc warrior (D:7)
  5 black bears
  3 centaurs
  2 phantoms (D:5)
  2 kobold brigands
  2 bullfrogs
  A gnoll sergeant (D:6)
  A necrophage (D:6)
  2 scorpions (D:4)
  8 wights
  3 howler monkeys
  A jelly (D:5)
  2 orc priests (D:5)
  A hound (D:4)
  A gnoll bouda (D:5)
  5 iguanas
  An orc wizard (D:7)
  Natasha (thrice) (D:2)
  14 gnolls
  7 adders
  An ufetubus (D:5)
  A dart slug (D:2)
  16 orcs
  5 bats
  9 endoplasms
  4 giant cockroaches
  6 goblins
  4 hobgoblins
  2 jackals (D:2)
  15 kobolds
  2 quokkas
  7 ball pythons
  3 frilled lizards
  4 rats
152 creatures vanquished.

Vanquished Creatures (others)
  2 withered plants (D:5)
2 creatures vanquished.

Grand Total: 154 creatures vanquished

Notes
Turn   | Place    | Note
-------+----------+-------------------------------------------
     0 | D:1      | Doot the Octopode Transmuter began the quest for the Orb.
     0 | D:1      | Reached XP level 1. HP: 13/13 MP: 3/3
   334 | D:1      | Reached XP level 2. HP: 15/18 MP: 5/5
  1251 | D:1      | Reached XP level 3. HP: 23/23 MP: 6/6
  1287 | D:2      | Noticed Natasha
  1294 | D:1      | Learned a level 3 spell: Spider Form
  1671 | D:2      | Found a faded altar of an unknown god.
  2038 | D:2      | Found the amulet of Elemental Vulnerability {rPois rF--
                  | rC-- AC+8}
  2211 | D:2      | Reached skill level 1 in Stealth
  2245 | D:2      | Reached XP level 4. HP: 28/28 MP: 7/7
  2363 | D:2      | Killed Natasha
  2454 | D:2      | Noticed Natasha
  2505 | D:2      | Killed Natasha
  2506 | D:2      | Reached skill level 4 in Unarmed Combat
  2570 | D:2      | Noticed Natasha
  2821 | D:2      | Reached XP level 5. HP: 31/33 MP: 8/8
  2865 | D:2      | Killed Natasha
  3550 | D:4      | Noticed a hornet
  3561 | D:4      | Learned a level 4 spell: Ice Form
  3885 | D:4      | Found a hide-covered altar of Uskayaw.
  3885 | D:4      | Found a shadowy altar of Dithmenos.
  3914 | D:4      | Reached XP level 6. HP: 38/38 MP: 7/10
  3954 | D:4      | Reached skill level 5 in Unarmed Combat
  3954 | D:4      | Reached skill level 1 in Poison Magic
  3980 | D:4      | Found a stormy altar of Qazlal.
  4188 | D:4      | Killed a hornet
  4189 | D:4      | Reached XP level 7. HP: 34/43 MP: 8/11
  4399 | D:4      | Learned a level 2 spell: Wereblood
  4447 | D:4      | Found the +2 ratskin cloak {*Rats rPois rN+ Str-1 Int-1
                  | Dex+1}
  4807 | D:5      | Entered Level 5 of the Dungeon
  4851 | D:5      | Found a runed translucent gate.
  4851 | D:5      | Noticed Flesh177's ghost (novice MeFi)
  4852 | D:5      | Found a runed translucent gate.
  4853 | D:5      | Noticed Smoky173's ghost (novice DEVM)
  4854 | D:5      | Found a runed translucent gate.
  4854 | D:5      | Noticed paps's ghost (weakling OpDe)
  4854 | D:5      | Noticed crabbyslav's ghost (novice OpWn)
  4976 | D:5      | Reached skill level 6 in Unarmed Combat
  5015 | D:5      | Reached XP level 8. HP: 41/48 MP: 9/13
  5095 | D:5      | Reached skill level 1 in Ice Magic
  5106 | D:5      | Gained mutation: You occasionally lose the ability to drink
                  | potions when taking damage. [mutagenic glow]
  5160 | D:5      | Lost mutation: You occasionally lose the ability to drink
                  | potions when taking damage. [potion of mutation]
  5160 | D:5      | Gained mutation: You are agile. (Dex +4, Str/Int -1)
                  | [potion of mutation]
  5160 | D:5      | Gained mutation: Your body sometimes deteriorates upon
                  | taking damage. [potion of mutation]
  5160 | D:5      | Gained mutation: Your mind is acute. (Int +4, Str/Dex -1)
                  | [potion of mutation]
  5160 | D:5      | Gained mutation: Your flesh is cold resistant. (rC+)
                  | [potion of mutation]
  5337 | D:5      | Lost mutation: You are agile. (Dex +4, Str/Int -1) [potion
                  | of mutation]
  5337 | D:5      | Lost mutation: Your mind is acute. (Int +4, Str/Dex -1)
                  | [potion of mutation]
  5337 | D:5      | Lost mutation: Your body sometimes deteriorates upon taking
                  | damage. [potion of mutation]
  5337 | D:5      | Gained mutation: You are clumsy. (Dex -2) [potion of
                  | mutation]
  5337 | D:5      | Gained mutation: You are weak. (Str -2) [potion of
                  | mutation]
  5337 | D:5      | Gained mutation: You are resistant to electric shocks.
                  | (rElec) [potion of mutation]
  5345 | D:5      | Lost mutation: You are resistant to electric shocks.
                  | (rElec) [potion of mutation]
  5345 | D:5      | Lost mutation: You are clumsy. (Dex -2) [potion of
                  | mutation]
  5345 | D:5      | Gained mutation: You expend magic power (3 MP) to
                  | strengthen your wands. [potion of mutation]
  5735 | D:5      | Reached skill level 5 in Stealth
  6034 | D:5      | Reached skill level 7 in Unarmed Combat
  6304 | D:6      | Found Xoabas's Antique Weapon Emporium.
  6387 | D:6      | Reached XP level 9. HP: 53/53 MP: 12/15
  6444 | D:6      | Reached skill level 8 in Unarmed Combat
  6444 | D:6      | Reached skill level 5 in Transmutations
  6473 | D:6      | Found an ancient bone altar of Kikubaaqudgha.
  6496 | D:6      | Found Decrext's Assorted Antiques.
  6538 | D:6      | Found Mibaip's Weapon Emporium.
  6605 | D:6      | Found a staircase to the Ecumenical Temple.
  6607 | D:6      | Found Vidamisch's Antique Weapon Boutique.
  6622 | Temple   | Entered the Ecumenical Temple
  6636 | Temple   | Became a worshipper of Sif Muna the Loreminder
  7081 | D:6      | Found a sparkling altar of Nemelex Xobeh.
  7141 | D:6      | Noticed a kobold demonologist
  7356 | D:6      | Found an ornate altar of the Wu Jian Council.
  7418 | D:7      | Noticed Maggie
  8025 | D:7      | Lost mutation: Your flesh is cold resistant. (rC+) [potion
                  | of mutation]
  8025 | D:7      | Lost mutation: You expend magic power (3 MP) to strengthen
                  | your wands. [potion of mutation]
  8025 | D:7      | Gained mutation: You possess an exceptional clarity of
                  | mind. [potion of mutation]
  8025 | D:7      | Gained mutation: You are agile. (Dex +4, Str/Int -1)
                  | [potion of mutation]
  8159 | D:7      | Reached skill level 9 in Unarmed Combat
  8219 | D:7      | Noticed a white ugly thing
  8263 | D:8      | Noticed Prince Ribbit
  8274 | D:8      | Reached * piety under Sif Muna
  8280 | D:8      | Killed Prince Ribbit
  8434 | D:8      | Lost mutation: You are weak. (Str -2) [potion of mutation]
  8434 | D:8      | Lost mutation: You are agile. (Dex +4, Str/Int -1) [potion
                  | of mutation]
  8434 | D:8      | Gained mutation: Your body sometimes deteriorates upon
                  | taking damage. [potion of mutation]
  8434 | D:8      | Gained mutation: Your magical capacity is low. (-10% MP)
                  | [potion of mutation]
  8434 | D:8      | Gained mutation: You are clumsy. (Dex -2) [potion of
                  | mutation]
  8434 | D:8      | Gained mutation: You are partially covered in iridescent
                  | scales. (AC +2) [potion of mutation]
  8489 | D:8      | Reached XP level 10. HP: 25/59 MP: 10/15
  8492 | D:8      | Reached skill level 5 in Spellcasting
  8821 | D:8      | Noticed a two-headed ogre
  9179 | D:7      | Killed Maggie
  9701 | D:8      | Mangled by a two-headed ogre

Illustrated notes

Levels and vault maps discovered:
D:1:      lightli_arrival_statue_moat, layout_basic
D:2:      layout_rooms, shapermc_ecumenical_altar_venn, minmay_quadrilaterals,
          uniq_natasha
D:3:      layout_basic
D:4:      layout_loops_ring, amcnicky_altar_gilded,
          gammafunk_temple_overflow_elements
D:5:      layout_loops_corners, gammafunk_ghost_cemetery
D:6:      layout_rooms, nemelex_altar_shiori, overflow_temple_1_default,
          mainiacjoe_overflow_24_doors, temple_statues, serial_shops, shop,
          nicolae_shop_bloodbath_and_beyond, nicolae_shop_waterfront,
          nicolae_stop_n_shop_2, lightli_corner_chamber
D:7:      layout_basic, serial_bayou_pond_e, uniq_maggie
D:8:      layout_loops_cross, uniq_prince_ribbit1, uniq_pikel, uniq_grum
Temple:   hellmonk_temple_two_chambers

Skill      XL: |  1  2  3  4  5  6  7  8  9 10 |
---------------+-------------------------------+-----
Stealth        | 2 3 4 5 6 |  6.1
Unarmed Combat | 4 5 6 7 9 |  9.9
Poison Magic   | 1 2 3 |  3.3
Transmutations | 3 4 6 |  6.5
Spellcasting   | 3 4 5 |  5.2
Dodging        | 3 4 |  4.0
Ice Magic      | 1 2 |  2.0
Fighting       | |  1.5
Evocations     | |  0.1

Action                   |  1- 3 |  4- 6 |  7- 9 | 10-12 || total
-------------------------+-------+-------+-------+-------++-------
Melee: Unarmed           |    85 |    86 |   183 |    11 ||   365
       Constrict         |    19 |     9 |     2 |       ||    30
       Punch             |     2 |       |     1 |       ||     3
       Tentacles         |     6 |     9 |     2 |       ||    17
       Kick              |     5 |     5 |     1 |       ||    11
 Cast: Beastly Appendage |     7 |     7 |     4 |       ||    18
       Spider Form       |     2 |     7 |    22 |     3 ||    34
       Ice Form          |       |     1 |    11 |     1 ||    13
       Wereblood         |       |       |     8 |       ||     8
Evoke: Wand              |       |       |       |     6 ||     6
  Use: Scroll            |       |       |     7 |       ||     7
       Potion            |       |       |     5 |       ||     5
 Stab: Sleeping          |     7 |     7 |    12 |       ||    26
       Distracted        |     1 |       |       |       ||     1
       Paralysed         |       |       |       |     3 ||     3
Armor: Skin              |    12 |    30 |    65 |     5 ||   112
Dodge: Dodged            |    57 |    55 |   143 |     8 ||   263
